 Dungeon Sprint DCSS version 0.22.1-2-g9c5b331 (webtiles) character file.

1696 diana the Fighter (level 9, -5/114 HPs)
             Began as an Ogre Fighter on Dec 16, 2018.
             Was a Priest of Trog.
             Slain by Ilsuiw
             ... wielding a +5 trident of freezing
              (13 damage)
             ... in the Dungeon (Sprint VII: "The Pits").
             The game lasted 00:05:27 (1678 turns).

diana the Fighter (Ogre Fighter)                    Turns: 1678, Time: 00:05:28

Health: -5/114     AC:  7    Str: 30    XL:     9   Next: 3%
Magic:  3/3        EV: 12    Int: 12    God:    Trog [***...]
Gold:   0          SH:  0    Dex:  8    Spells: 8/8 levels left

rFire    . . .     SeeInvis .   v - +7 giant club (antimagic)
rCold    . . .     Gourm    .   (shield currently unavailable)
rNeg     . . .     Faith    .   b - +0 robe
rPois    .         Spirit   .   (helmet restricted)
rElec    .         Reflect  .   u - +0 cloak
rCorr    .         Harm     .   (gloves unavailable)
MR       ++...     NoTele   +   (boots unavailable)
Stlth    +.........             (no amulet)
HPRegen  1.29/turn              a - +3 ring of intelligence
MPRegen  0.08/turn              q - +3 ring of protection

@: mighty, mesmerised, very slightly contaminated, regenerating
A: large, unfitting armour, tough skin 1
a: Berserk, Trog's Hand, Renounce Religion


You were in the Dungeon.
You worshipped Trog.
Trog was most pleased with you.
You were not hungry.

You visited 1 branch

Inventory:

Hand Weapons
 l - a +2 mace
 t - a +2 morningstar of crushing
 v - a +7 antimagic giant club (weapon)
Armour
 b - a +0 robe (worn)
 c - a +0 shield
 u - a +0 cloak (worn)
Jewellery
 a - a +3 ring of intelligence (left hand)
 q - a +3 ring of protection (right hand)
Scrolls
 n - 3 scrolls of remove curse
 o - 5 scrolls of amnesia
 p - a scroll of summoning
Potions
 d - a potion of might
 e - 6 potions of curing
 g - a potion of heal wounds
 h - 2 potions of haste
 i - 4 potions of magic
 j - 4 potions of berserk rage
 m - 2 potions of invisibility
 r - 2 potions of brilliance
 s - a potion of mutation
Comestibles
 f - 7 rations


   Skills:
 * Level 14.7 Fighting
 + Level 7.7 Maces & Flails
 + Level 6.6 Armour
 + Level 7.8 Dodging
 - Level 7.8 Shields


You had 8 spell levels left.
You didn't know any spells.
Your spell library was empty.

Dungeon Overview and Level Annotations

Branches:
Dungeon (1/1)

Altars:
Cheibriados
Dithmenos
Elyvilon
Fedhas
Gozag
Hepliaklqana
Makhleb
Nemelex Xobeh
Okawaru
Qazlal
Ru
Sif Muna
Trog
Vehumet
Wu Jian
Xom
Yredelemnul
Zin
The Shining One
Beogh
Jiyva
Lugonu

Annotations:
D Ilsuiw


Innate Abilities, Weirdness & Mutations

You are too large for most types of armour.
You have tough skin. (AC +1)


Message History

You are mesmerised by the merfolk siren!
You feel the effects of Trog's Hand fading.
The merfolk hits you but does no damage.
The water elemental barely misses you.
The merfolk siren chants a haunting song. x2
You resist with some effort.
The merfolk impaler hits you but does no damage.
You hear some strange, mumbled words.
The merfolk siren chants its luring song.
The merfolk impaler hits you with a trident of freezing!!
* * * LOW HITPOINT WARNING * * *
The merfolk impaler freezes you.
* * * LOW HITPOINT WARNING * * *
There is a huge open gate leading to the Armoury (Hard), spattered with blood You miss the merfolk impaler.
The water elemental disappears in a puff of smoke! x2
The merfolk hits you from afar with a trident!
* * * LOW HITPOINT WARNING * * *
Something hits you!
You die... ..# ..# #########++########## m.# ................##..# mm# ......#..#......##..# mm#

................E'E.# ..#
................@mmE##########Em#
......#..#.....§##{.mmm....m.mm.#
................##.m.§..........#
###'#####++######################
.......# .......# .......#
...<...# .......#


You could see a merfolk impaler, a merfolk, 3 water elementals and 4 merfolk
sirens.

Vanquished Creatures
  A flayed ghost (D)
  An ice devil (D)
  A snapping turtle (D)
  A flying skull (D)
  A black bear (D)
  A gnoll sergeant (D)
  A wight (D)
  A quasit (D)
  A mummy (D)
  2 adders (D)
  An adder skeleton (D)
  3 leopard geckos (D)
  A ball python (D)
  A hobgoblin (D)
  A quokka (D)
  2 frilled lizards (D)
  A kobold (D)
21 creatures vanquished.

Vanquished Creatures (collateral kills)
  An ice devil (D)
  A redback (D)
  A warg (D)
  A big kobold (D)
  A crimson imp (D)
  A giant cockroach (D)
6 creatures vanquished.

Grand Total: 27 creatures vanquished

Notes
Turn   | Place    | Note
-------+----------+-------------------------------------------
     0 | D        | diana the Ogre Fighter began the quest for the Orb.
     0 | D        | Reached XP level 1. HP: 24/24 MP: 1/1
    41 | D        | Found a glowing golden altar of the Shining One.
    41 | D        | Found a glowing silver altar of Zin.
    41 | D        | Found a basalt altar of Yredelemnul.
    41 | D        | Found a shimmering altar of Xom.
    41 | D        | Found an ornate altar of the Wu Jian Council.
    41 | D        | Found a bloodstained altar of Trog.
    41 | D        | Found a deep blue altar of Sif Muna.
    41 | D        | Found a sacrificial altar of Ru.
    41 | D        | Found a stormy altar of Qazlal.
    41 | D        | Found an iron altar of Okawaru.
    41 | D        | Found a sparkling altar of Nemelex Xobeh.
    41 | D        | Found a burning altar of Makhleb.
    41 | D        | Found a viscous altar of Jiyva.
    41 | D        | Found a hazy altar of Hepliaklqana.
    41 | D        | Found an opulent altar of Gozag.
    41 | D        | Found a blossoming altar of Fedhas.
    41 | D        | Found a white marble altar of Elyvilon.
    41 | D        | Found a shadowy altar of Dithmenos.
    41 | D        | Found a snail-covered altar of Cheibriados.
    42 | D        | Found a radiant altar of Vehumet.
    42 | D        | Found a corrupted altar of Lugonu.
    42 | D        | Found a roughly hewn altar of Beogh.
    44 | D        | Became a worshipper of Trog the Wrathful
   131 | D        | Reached * piety under Trog
   131 | D        | Reached skill level 5 in Fighting
   131 | D        | Reached skill level 1 in Armour
   131 | D        | Reached XP level 2. HP: 14/35 MP: 2/2
   474 | D        | Noticed a flying skull
   484 | D        | Killed a flying skull
   484 | D        | Reached skill level 9 in Fighting
   484 | D        | Reached skill level 5 in Shields
   484 | D        | Reached XP level 3. HP: 14/50 MP: 3/3
   484 | D        | Reached XP level 4. HP: 16/59 MP: 4/4
   484 | D        | Reached XP level 5. HP: 19/67 MP: 5/5
   485 | D        | Reached ** piety under Trog
   770 | D        | Noticed a black bear
   806 | D        | Reached *** piety under Trog
   806 | D        | Reached skill level 5 in Dodging
   815 | D        | HP: 5/102 [black bear (5)]
   816 | D        | Killed a black bear
   816 | D        | Reached skill level 10 in Fighting
   816 | D        | Reached skill level 5 in Maces & Flails
   816 | D        | Reached XP level 6. HP: 6/79 MP: 6/6
  1157 | D        | Reached **** piety under Trog
  1215 | D        | Reached skill level 11 in Fighting
  1317 | D        | Noticed an ice devil
  1327 | D        | Killed an ice devil
  1327 | D        | Reached skill level 12 in Fighting
  1327 | D        | Reached skill level 5 in Armour
  1327 | D        | Reached XP level 7. HP: 80/91 MP: 7/7
  1330 | D        | Noticed a warg
  1343 | D        | HP: 3/91 [gnoll sergeant/spear (11)]
  1350 | D        | Killed a warg
  1353 | D        | Noticed an ice devil
  1357 | D        | Killed an ice devil
  1357 | D        | Reached skill level 13 in Fighting
  1357 | D        | Reached XP level 8. HP: 48/102 MP: 8/8
  1359 | D        | Reached ***** piety under Trog
  1617 | D        | Noticed a flayed ghost
  1618 | D        | Noticed a snapping turtle
  1629 | D        | Killed a flayed ghost
  1629 | D        | Received a gift from Trog
  1629 | D        | Reached skill level 14 in Fighting
  1635 | D        | Killed a snapping turtle
  1652 | D        | Noticed a merfolk
  1652 | D        | Noticed Ilsuiw
  1652 | D        | Noticed a merfolk siren
  1652 | D        | Noticed a merfolk siren
  1652 | D        | Noticed a merfolk siren
  1652 | D        | Noticed a merfolk siren
  1652 | D        | Noticed a redback
  1652 | D        | Noticed a merfolk impaler
  1655 | D        | Killed a redback
  1655 | D        | Reached XP level 9. HP: 46/114 MP: 3/9
  1678 | D        | Slain by Ilsuiw

Skill      XL: |  1  2  3  4  5  6  7  8 |
---------------+-------------------------+-----
Maces & Flails | 2 4 5 6 7 |  7.7
Fighting       | 5 9 10 12 13 14 | 14.7
Armour         | 1 3 4 5 6 |  6.6
Dodging        | 3 4 5 6 7 |  7.8
Shields        | 3 5 6 7 |  7.8

Action                   |  1- 3 |  4- 6 |  7- 9 || total
-------------------------+-------+-------+-------++-------
Melee: Mace              |    23 |    44 |    16 ||    83
       Flail             |     1 |       |       ||     1
       Morningstar       |       |       |    13 ||    13
       Giant club        |       |       |     3 ||     3
Invok: Berserk           |     1 |     2 |     1 ||     4
       Brothers in Arms  |       |       |     3 ||     3
       Trog's Hand       |       |       |     1 ||     1
  Use: Potion            |       |       |     9 ||     9
       Scroll            |       |       |     1 ||     1
  Eat: Chunk             |       |     2 |       ||     2
       Ration            |       |       |     2 ||     2
Armor: Robe              |     8 |    14 |     4 ||    26
Dodge: Dodged            |    13 |    31 |    22 ||    66
Block: Shield            |    22 |    34 |    24 ||    80
